 Dungeon Crawl Stone Soup version 0.30.0-13-g156ef70053 (webtiles) character file.

Game seed: 6501337992766550182

75 jasper the Chopper (level 4, -7/40 HPs)
             Began as a Meteoran Berserker on May 17, 2023.
             Was a Follower of Trog.
             Killed by divine providence
             ... invoked by an orc priest
              (12 damage)
             ... on level 2 of the Dungeon.
             The game lasted 00:01:10 (476 turns).

jasper the Chopper (Meteoran Berserker)              Turns: 476, Time: 00:01:10

Health: -7/40      AC:  5    Str: 20    XL:     4   Next: 86%
Magic:  5/5        EV: 12    Int:  8    God:    Trog [*.....]
Gold:   57         SH:  0    Dex: 14    Spells: 3/3 levels left

rFire   . . .        a - +0 hand axe
rCold   . . .        (no shield)
rNeg    . . .        d - +0 ring mail
rPois   .            (no helmet)
rElec   .            (no cloak)
rCorr   .            (no gloves)
SInv    .            (no boots)
Will    .....        (no amulet)
Stlth   +            (no ring)
HPRegen 0.26/turn    (no ring)
MPRegen 0.09/turn

%: no passive effects
@: on berserk cooldown, slowed, glowing, very slow
A: sense surroundings 1, otherworldly, glowing, explore regen
a: Renounce Religion, Berserk


You were on level 2 of the Dungeon.
You worshipped Trog.
Trog was aware of your devotion.
You visited 1 branch of the dungeon, and saw 2 of its levels.

You collected 57 gold pieces.

Inventory:

Hand Weapons
 a - a +0 hand axe (weapon)
Armour
 b - a +0 animal skin
 d - a +0 ring mail (worn)
Jewellery
 g - an amulet of the acrobat
Scrolls
 e - a scroll of noise {unknown}
 f - 2 scrolls of enchant weapon {unknown}


   Skills:
 + Level 3.8 Fighting
 * Level 4.7 Axes
 + Level 3.2 Armour
 + Level 3.2 Dodging


You had 3 spell levels left.
You didn't know any spells.
Your spell library was empty.

Dungeon Overview and Level Annotations

Branches:
Dungeon (2/15) Zot: 721

Altars:


Innate Abilities, Weirdness & Mutations

You passively map a small area around you.
You are easily found by Zot.
You glow in the dark.
You regain HP and MP as you explore.


Message History

Your Armour skill increases to level 3!
Your Dodging skill increases to level 3!
You have reached level 4!
You regained 5 hp, and now have 21/60 hp.
MP restored: 5 You slash the orc!
You kill the orc!
Trog accepts your kill.
The orc throws a boomerang.
The boomerang closely misses you.
The orc priest looks encouraged for a moment.
Items here: )) [[ †.
You feel a strong urge to attack something.
The orc misses you.
The orc priest calls down the wrath of Beogh upon you.
Beogh smites you!
* * * LOW HITPOINT WARNING * * *
You take 15 damage, and have 6/60 hp.
MASSIVE DAMAGE!!
You slash the orc!
You kill the orc!
Trog accepts your kill.
You completely miss the orc priest. You slash the orc priest!
The orc priest is severely wounded.
The orc priest hits you but does no damage.
You hit the orc priest.
The orc priest is almost dead.
The orc priest looks encouraged for a moment.
The orc priest miscasts a cantrip.
You hit the orc priest.
You kill the orc priest!
Trog accepts your kill.
You are no longer berserk.
You are exhausted.
You feel yourself slow down.
You now have 5/40 hp.
You hit the orc priest but do no damage.
Your punch misses the orc priest.
The orc priest mumbles some strange prayers to Beogh against you.
Beogh smites you!
You die...

##.....## * , *
#......... * *
.......... ###
#.#######..#
,#.. , , , #.#
#..# #.#.# *
..#######..**
#.#.#
...........
#.#.# * ,
#########.#
#o#.# **. # #.#
#@#.# *.#
#########.#
#)#.# .#
..........#
#.#.#.#,
#########.#
#....# #)#
#...#.#*
#.######...##.#
#..............#
########........
#########


You could see an orc priest.

Vanquished Creatures
  An orc priest (D:2)
  An orc wizard (D:2)
  2 orcs (D:2)
  3 endoplasms (D:1)
  A goblin (D:2)
  A hobgoblin (D:2)
  A kobold (D:1)
  2 quokkas
  5 ball pythons
  A frilled lizard (D:2)
  3 rats (D:1)
21 creatures vanquished.

Notes
Turn   | Place    | Note
-------+----------+-------------------------------------------
     0 | D:1      | jasper the Meteoran Berserker began the quest for the Orb.
     0 | D:1      | Reached XP level 1. HP: 19/19 MP: 2/2
   178 | D:1      | Reached XP level 2. HP: 20/26 MP: 3/3
   229 | D:1      | Reached skill level 4 in Axes
   434 | D:2      | Reached XP level 3. HP: 28/31 MP: 4/4
   468 | D:2      | Reached XP level 4. HP: 21/40 MP: 5/5
   476 | D:2      | Killed from afar by an orc priest

Illustrated notes

Levels and vault maps discovered:
D:1:      saegor_arrival_simple_e, layout_loops_cross
D:2:      layout_loops_ring, dreamdust_ecumenical_altar_hidden_monk_grotto

Skill      XL: |  1  2  3 |
---------------+----------+-----
Axes           | 4 |  4.7
Armour         | 3 |  3.2
Dodging        | 3 |  3.2
Fighting       | |  3.8

Action                     |  1- 3 |  4- 6 || total
---------------------------+-------+-------++-------
  Melee: Hand axe          |    52 |     7 ||    59
 Invoke: Berserk           |     1 |       ||     1
    Use: Potion            |     2 |       ||     2
 Armour: Animal skin       |     6 |       ||     6
         Ring mail         |    16 |     1 ||    17
  Dodge: Dodged            |    16 |     2 ||    18
